Map: Dusty Gorge

Players

xDODGER

  • Race: Terran Terran
  • League: Platinum
  • Spawn Location: 11:00

IIeIIIeXoD

  • Race: Protoss Protoss
  • Spawn Location: 9:00

ILIEKEGGPIE - Winner!

  • Race: Protoss Protoss
  • League: Platinum
  • Spawn Location: 3:00

rwsRudolf - Winner!

  • Race: Protoss Protoss
  • League: Diamond
  • Spawn Location: 5:00

VOD

Have the link to the VOD?

Description

Time

  • Played on: May 6, 2018, 6:50 p.m.
  • Length: 5:37
Show
View Real Time Build Order
Export as new Build Order

xDODGER Terran 

Build Orders: Reaper Expand 

Get SALT Encoding   

  12  0:01  SCV  
  13  0:13  SCV  
  14  0:23  Supply Depot  
  14  0:25  SCV  
  15  0:31  Refinery  
  15  0:45  Barracks  
  15  0:47  SCV  
  16  1:07  Supply Depot  
  16  1:13  SCV  
  17  1:25  SCV  
  18  1:33  Reaper  
  18  1:37  SCV  
  20  1:53  Factory  
  20  2:04  Command Center  
  20  2:38  Factory Tech Lab  
  20  2:41  Supply Depot  
  20  2:44  SCV  
  21  2:47  Barracks Tech Lab  
  21  2:56  SCV  
  22  3:02  Siege Tank  
  25  3:07  Refinery  
  25  3:08  SCV  
  26  3:20  SCV  
  26  3:22  Marine  
  26  3:23  Bunker  
  26  3:24  Orbital Command  
  28  3:28  Refinery  
  28  3:32  SCV  
  29  3:40  Marine  
  30  3:48  Siege Tank  
  33  3:59  SCV  
  33  4:00  SCV  
  34  4:11  SCV  
  34  4:12  SCV  
  36  4:24  SCV  
  34  4:34  Siege Tank  
  34  4:36  SCV x2  
  39  4:38  Factory  
  39  4:48  SCV  
  39  4:50  Marine  
  44  5:08  Marine  
Show
View Real Time Build Order
Export as new Build Order

IIeIIIeXoD Protoss 

Build Orders: Double Forge 

Get SALT Encoding   

  1  0:00  Probe  
  12  0:05  Probe  
  14  0:21  Pylon  
  14  0:23  Probe  
  15  0:39  Probe  
  16  0:43  Gateway  
  16  0:51  Probe  
  17  1:11  Assimilator  
  17  2:04  Forge  
  13  2:28  Pylon  
  13  2:40  Photon Cannon  
  13  2:41  Photon Cannon  
  12  2:53  Forge  
  12  3:06  Photon Cannon  
  11  3:18  Photon Cannon  
  11  3:19  Photon Cannon  
  11  3:29  Pylon  
  11  3:56  Pylon  
  11  4:16  Photon Cannon  
  11  4:19  Photon Cannon  
  10  4:29  Pylon  
  8  4:54  Photon Cannon  
Show
View Real Time Build Order
Export as new Build Order

ILIEKEGGPIE Protoss - Winner!

Build Orders:  

Get SALT Encoding   

  12  0:01  Probe  
  13  0:13  Probe  
  14  0:21  Pylon  
  14  0:25  Probe  
  15  0:39  Probe  
  16  0:45  Gateway  
  16  0:51  Probe  
  17  0:57  Assimilator  
  17  1:03  Probe  
  18  1:16  Probe  
  19  1:28  Pylon  
  19  1:32  Cybernetics Core  
  19  1:35  Probe  
  20  1:43  Probe  
  21  1:49  Assimilator  
  21  2:01  Pylon  
  21  2:05  Probe  
  22  2:19  Warp Gate  
  22  2:21  Shield Battery  
  22  2:25  Probe  
  22  2:28  Stalker  
  25  2:37  Gateway  
  25  3:22  Stalker  
  25  3:28  Stalker  
  29  3:44  Gateway  
  29  3:54  Stargate  
  29  4:14  Stalker  
  27  4:21  Stalker  
  29  4:33  Void Ray  
  35  5:23  Pylon, Nexus  
Show
View Real Time Build Order
Export as new Build Order

rwsRudolf Protoss - Winner!

Build Orders:  

Get SALT Encoding   

  12  0:01  Probe  
  13  0:13  Probe  
  14  0:19  Pylon  
  14  0:25  Probe  
  15  0:37  Probe  
  16  0:49  Probe, Forge  
  17  0:57  Probe  
  18  1:05  Probe  
  19  1:20  Pylon  
  19  1:30  Probe  
  20  1:41  Photon Cannon  
  20  1:42  Photon Cannon  
  20  1:50  Pylon  
  20  1:52  Pylon  
  20  2:12  Photon Cannon  
  20  2:15  Photon Cannon  
  20  2:17  Probe  
  20  2:25  Probe  
  20  2:26  Pylon  
  21  2:35  Probe  
  21  2:46  Photon Cannon  
  21  2:49  Gateway  
  21  2:52  Photon Cannon  
  21  2:56  Probe  
  22  2:59  Assimilator  
  22  3:03  Pylon  
  22  3:10  Pylon  
  22  3:12  Pylon  
  22  3:22  Probe  
  23  3:30  Photon Cannon  
  23  3:32  Photon Cannon  
  23  3:34  Probe  
  23  3:35  Pylon  
  24  3:43  Photon Cannon  
  24  3:48  Photon Cannon  
  24  3:54  Photon Cannon  
  24  4:06  Photon Cannon  
  24  4:23  Probe  
  25  4:26  Assimilator  
  25  4:33  Cybernetics Core  
  25  4:35  Probe  
  26  4:45  Probe, Pylon  
  27  4:53  Probe  
  28  5:01  Probe  
  29  5:07  Pylon  
  29  5:08  Nexus  
  29  5:13  Probe  
  30  5:25  Probe  
  31  5:30  Gateway  
  31  5:32  Gateway  
Tags
 
Add a new tag
Caveats
  • Supply blocks, unpowered buildings, or Contaminate may cause inaccurate times.
  • Supply counts are checked every 10 seconds.